[Event "Titled Tuesday Blitz February 28 Late 2023"]
[White "Nasuta, Grzegorz"]
[Black "Przybylski, Wojciech"]
[WhiteFideId "1141686"]
[BlackFideId "1117599"]
[WhiteElo "2449"]
[BlackElo "2222"]
[Result "1-0"]
[Round "02"]
[TimeControl "180+2"]
[Date "2023.02.28"]
[WhiteClock "0:00:02"]
[BlackClock "0:00:02"]

1. e4 e5 2. Nf3 Nc6 3. Bc4 Nf6 4. d3 Be7 5. O-O O-O 6. a4 a6 7. Re1 d6 8. h3 Be6 9. Nc3 h6 10. a5 Qd7 11. Nd5 Bd8 12. c3 Rb8 13. b4 Na7 14. d4 c6 15. Nxf6+ Bxf6 16. Bxe6 Qxe6 17. Qd3 Rbd8 18. Be3 Nb5 19. d5 cxd5 20. exd5 e4 21. dxe6 exd3 22. e7 Bxe7 23. c4 Nc7 24. Bb6 Rd7 25. Rad1 Na8 26. Bd4 Rc8 27. Rxd3 Rxc4 28. Bb2 Rxb4 29. Ba3 Ra4 30. Bc1 Rxa5 31. Ne5 Rc7 32. Ng4 Kf8 33. Ne3 Nb6 34. Nf5 Rd5 35. Rxd5 Nxd5 36. Bb2 Bf6 37. Nxd6 Ne7 38. Bxf6 gxf6 39. Ne4 Kg7 40. Nd6 Rd7 41. Ne4 Nc6 42. Nc5 Re7 43. Rxe7 Nxe7 44. Nxb7 Nc6 45. Kf1 f5 46. Ke2 Kf6 47. Kd3 a5 48. Nc5 Ke5 49. Kc4 f4 50. f3 f5 51. Nd3+ Kd6 52. Nxf4 Ne5+ 53. Kb5 a4 54. Kxa4 Kc5 55. Ne6+ Kc4 56. Ng7 f4 57. Nf5 Kd3 58. Nxh6 Ng6 59. Nf5 Ke2 60. h4 Kf2 61. h5 Nh8 62. Nh4 Kg3 63. Ng6 Nf7 64. Kb4 Kxg2 65. Nxf4+ Kxf3 66. Ne6 Kg4 67. h6 1-0


[Site "https://www.chess.com"]

[Event "Titled Tuesday Blitz February 28 Late 2023"]
[White "Pulpan, Jakub"]
[Black "Le Goff, Ronan"]
[WhiteFideId "302759"]
[BlackFideId "612073"]
[WhiteElo "2484"]
[BlackElo "2275"]
[Result "1-0"]
[Round "02"]
[TimeControl "180+2"]
[Date "2023.02.28"]
[WhiteClock "0:00:15"]
[BlackClock "0:00:12"]

1. Nf3 Nf6 2. b3 d5 3. Bb2 Bg4 4. g3 Bxf3 5. exf3 e6 6. Bg2 g6 7. O-O Bg7 8. d3 O-O 9. Nd2 a5 10. a3 Nbd7 11. c4 c6 12. Qc2 Rc8 13. f4 b5 14. Rad1 Qb6 15. Nf3 a4 16. b4 c5 17. bxc5 Qxc5 18. Ne5 bxc4 19. Nxd7 Nxd7 20. Bxg7 Kxg7 21. Qxa4 Nb6 22. Qc2 Qxa3 23. Ra1 Qb3 24. Qxb3 cxb3 25. Rfb1 Rc3 26. Ra3 Rxd3 27. Bf1 Rc3 28. Kg2 Nc4 29. Raxb3 Rxb3 30. Rxb3 Nd2 31. Rb7 Nxf1 32. Kxf1 h5 33. h4 Kf6 34. Ke2 Ra8 35. Ke3 Ra3+ 36. Ke2 Ra6 37. Rd7 Rc6 38. Kf3 Ra6 39. Ke3 Kg7 40. Rd8 Ra7 41. Kf3 Kf6 42. Kg2 Ke7 43. Rb8 Rd7 44. Kf3 Kd6 45. Ke3 Rc7 46. Rd8+ Kc5 47. Ra8 Rb7 48. Rc8+ Kb4 49. Kd4 Kb5 50. f3 Kb6 51. g4 Rc7 52. Rb8+ Ka7 53. Rh8 hxg4 54. fxg4 Rc4+ 55. Ke3 Rc3+ 56. Kd4 Rf3 57. Ke5 Re3+ 58. Kf6 Re4 59. Kg5 d4 60. h5 gxh5 61. gxh5 d3 62. Rd8 Re3 63. Kg4 e5 64. h6 exf4 65. h7 Rg3+ 66. Kxf4 Rh3 67. h8=Q Rxh8 68. Rxh8 Kb6 69. Rd8 Kc5 70. Rxd3 1-0


[Site "https://www.chess.com"]

[Event "Titled Tuesday Blitz February 28 Late 2023"]
[White "Mujumdar, Sameer"]
[Black "Msellek, Ilyass"]
[WhiteFideId "2029707"]
[BlackFideId "675938"]
[WhiteElo "2104"]
[BlackElo "2303"]
[Result "0-1"]
[Round "02"]
[TimeControl "180+2"]
[Date "2023.02.28"]
[WhiteClock "0:00:07"]
[BlackClock "0:00:22"]

1. d4 d5 2. c4 c6 3. Nf3 Nf6 4. Nbd2 g6 5. e3 Bg7 6. Bd3 O-O 7. O-O Bf5 8. Qc2 Bxd3 9. Qxd3 Nbd7 10. b3 a5 11. Bb2 a4 12. Rfe1 Qb6 13. Ba3 Rfe8 14. Rab1 Qc7 15. Bb4 b6 16. e4 c5 17. Bc3 dxe4 18. Nxe4 Nxe4 19. Qxe4 cxd4 20. Bxd4 e5 21. Be3 Nc5 22. Bxc5 Qxc5 23. b4 Qc7 24. a3 Rad8 25. Qc2 f5 26. Rbd1 e4 27. Ng5 Qe7 28. Nh3 Bd4 29. Qxa4 e3 30. fxe3 Bxe3+ 31. Kf1 Rxd1 32. Rxd1 Qe4 33. Qd7 Re5 34. Qd3 Qg4 35. Re1 f4 36. Nf2 Qh4 37. Nh3 Kg7 38. Qd7+ Re7 39. Qd3 g5 40. Qd6 g4 41. Rxe3 fxe3 42. Qd4+ Qf6+ 43. Qxf6+ Kxf6 44. Ke2 gxh3 0-1


[Site "https://www.chess.com"]

[Event "Titled Tuesday Blitz February 28 Late 2023"]
[White "Golubka, Petro"]
[Black "Rego, Pedro Filipe"]
[WhiteFideId "14114224"]
[BlackFideId "1904310"]
[WhiteElo "2404"]
[BlackElo "2193"]
[Result "1-0"]
[Round "02"]
[TimeControl "180+2"]
[Date "2023.02.28"]
[WhiteClock "0:00:14"]
[BlackClock "0:00:19"]

1. e4 c5 2. b4 cxb4 3. a3 bxa3 4. Bxa3 d6 5. d4 g6 6. c3 Bg7 7. Nf3 Nf6 8. Bd3 O-O 9. Nbd2 Nc6 10. h3 a6 11. O-O b5 12. Re1 Bb7 13. Bf1 Na5 14. Bb4 Nc6 15. Ba3 Na5 16. d5 Bc8 17. Bb4 Nb7 18. Bxb5 Qb6 19. Bc6 Bd7 20. Nc4 Qc7 21. Na5 Bxc6 22. Nxc6 a5 23. Ba3 Rfe8 24. Nfd4 Nd7 25. Nb5 Qc8 26. Re3 Ne5 27. Nbd4 Nc4 28. Re2 Nxa3 29. Rxa3 Qc7 30. Rea2 Nc5 31. Qc2 a4 32. g3 e6 33. Nb5 Qd7 34. Kg2 exd5 35. exd5 Ra6 36. c4 Re1 37. Qd2 Rb1 38. Qf4 Re1 39. Qxd6 Qf5 40. Qxc5 Qb1 41. Ne7+ Rxe7 42. Qxe7 1-0


[Site "https://www.chess.com"]

[Event "Titled Tuesday Blitz February 28 Late 2023"]
[White "Peatman, Carter"]
[Black "Bashirli, Nail"]
[WhiteFideId "2096480"]
[BlackFideId "13406809"]
[WhiteElo "2003"]
[BlackElo "2336"]
[Result "0-1"]
[Round "02"]
[TimeControl "180+2"]
[Date "2023.02.28"]
[WhiteClock "0:00:18"]
[BlackClock "0:00:34"]

1. d4 Nf6 2. Bf4 e6 3. e3 c5 4. Nd2 Nc6 5. c3 Qb6 6. Nc4 Qd8 7. Nd6+ Bxd6 8. Bxd6 cxd4 9. exd4 Ne4 10. Ba3 d6 11. Qg4 Nf6 12. Qxg7 Rg8 13. Qh6 Qa5 14. Nf3 Rg6 15. Qd2 Bd7 16. Bd3 Rxg2 17. Bxd6 O-O-O 18. Bg3 e5 19. Nxe5 Nxe5 20. Bxe5 Ng4 21. Bg3 Re8+ 22. Kd1 Ba4+ 23. Bc2 Bxc2+ 24. Kxc2 Qf5+ 25. Kb3 Qb5+ 26. Kc2 Re2 27. Rae1 Rxd2+ 28. Kxd2 Qxb2+ 29. Kd3 Nxf2+ 30. Bxf2 Rxf2 31. Rd1 Qc2+ 32. Kc4 Qa4+ 33. Kd3 Qa6+ 34. Ke3 Qe2# 0-1


[Site "https://www.chess.com"]

[Event "Titled Tuesday Blitz February 28 Late 2023"]
[White "Costachi, Mihnea"]
[Black "Lucassen, Mickey"]
[WhiteFideId "1217518"]
[BlackFideId "12919110"]
[WhiteElo "2456"]
[BlackElo "2352"]
[Result "1/2-1/2"]
[Round "02"]
[TimeControl "180+2"]
[Date "2023.02.28"]
[WhiteClock "0:00:25"]
[BlackClock "0:00:26"]

1. Nc3 c5 2. Nf3 Nc6 3. g3 g6 4. Bg2 Bg7 5. O-O Nf6 6. e4 d6 7. d3 O-O 8. h3 Rb8 9. a4 a6 10. Re1 b5 11. axb5 axb5 12. e5 dxe5 13. Nxe5 Nxe5 14. Rxe5 Nd7 15. Re1 Bb7 16. Bxb7 Rxb7 17. Qf3 Rb8 18. Bf4 e5 19. Bd2 b4 20. Nd5 Nb6 21. Nxb6 Qxb6 22. h4 h5 23. g4 hxg4 24. Qxg4 Rfd8 25. Be3 b3 26. cxb3 Qxb3 27. Bxc5 Qxd3 28. b4 Qd7 29. Qxd7 Rxd7 30. Rab1 Rdb7 31. Rb3 Bf8 32. Bxf8 Kxf8 33. Reb1 Rb5 34. Kf1 Ke7 35. Ke2 Rh8 36. Rh3 Rhb8 37. Rhb3 Rh8 38. Rh1 Rhb8 39. h5 gxh5 40. Rxh5 Rxb4 41. Rxe5+ Kf6 42. Rbe3 Rb2+ 43. Kf3 R2b3 44. Re4 Rxe3+ 45. fxe3 Rb6 46. Rf4+ Ke6 47. Rh4 f6 48. Kf4 Rb4+ 49. e4 Rb1 50. Rh5 Rf1+ 51. Ke3 Re1+ 52. Kf3 Rf1+ 53. Ke2 Ra1 54. Rb5 Ra2+ 55. Ke3 Ra3+ 56. Kf4 Ra1 57. Rb6+ Kf7 58. Rc6 Rf1+ 59. Kg3 Re1 60. Kf3 Rf1+ 61. Ke2 Ra1 62. Ke3 Kg6 63. Kf3 Ra3+ 64. Kf4 Ra4 65. Rb6 Rc4 66. Rb8 Ra4 67. Rc8 Rb4 68. Rd8 Ra4 69. Rg8+ Kf7 70. Rb8 Kg6 71. Rb5 Rc4 72. Rb6 Ra4 73. Re6 Rb4 74. Kf3 Kg5 75. Ra6 Rb3+ 76. Ke2 Kf4 77. Rxf6+ Kxe4 78. Rh6 Kd5 79. Kd2 Rb5 80. Kc3 Rc5+ 81. Kd3 Rc6 82. Rh5+ Kd6 83. Kd4 Rb6 84. Rh6+ Kc7 85. Rh7+ Kc6 86. Kc4 Ra6 87. Rh6+ Kb7 88. Rh7+ Kb6 89. Kb4 Ra1 90. Rh6+ Kc7 91. Kb5 Rb1+ 92. Kc4 Rc1+ 93. Kd3 Rd1+ 94. Ke2 Rd6 95. Rh5 Kc6 96. Ke3 Rd5 97. Rh8 Kc5 98. Ke4 Rd4+ 99. Ke5 Ra4 100. Rc8+ Kb6 101. Kd5 Ra5+ 102. Kd6 Ra1 103. Rb8+ Ka7 104. Rb3 Rd1+ 105. Kc7 Rc1+ 106. Kd6 Rd1+ 107. Kc5 Rc1+ 108. Kb5 Rc7 109. Ka5 Rc5+ 110. Ka4 Rc4+ 111. Kb5 Rc7 112. Rh3 Kb7 113. Rh6 Rg7 114. Rb6+ Kc7 115. Ra6 Rg5+ 116. Kc4 Rg4+ 117. Kd5 Rg5+ 118. Ke4 Rg4+ 119. Kf5 Rb4 120. Ra7+ Rb7 121. Ra5 Kb6 122. Ra2 Rc7 123. Ke5 Rc5+ 124. Kd6 Rb5 125. Rc2 Rb1 126. Rc6+ Kb5 127. Rc8 Rd1+ 1/2-1/2


[Site "https://www.chess.com"]

[Event "Titled Tuesday Blitz February 28 Late 2023"]
[White "Ansh M Shah"]
[Black "Grinev, Valeriy"]
[WhiteFideId "25033379"]
[BlackFideId "14117517"]
[WhiteElo "2084"]
[BlackElo "2365"]
[Result "0-1"]
[Round "02"]
[TimeControl "180+2"]
[Date "2023.02.28"]
[WhiteClock "0:00:51"]
[BlackClock "0:02:19"]

1. d4 Nf6 2. c4 e6 3. g3 c5 4. d5 exd5 5. cxd5 g6 6. Bg2 d6 7. Nc3 Bg7 8. Nf3 O-O 9. O-O Re8 10. Bf4 a6 11. a4 Nh5 12. Bg5 f6 13. Bc1 f5 14. Bg5 Bf6 15. Qd2 Nd7 16. Rfe1 Ne5 17. Bxf6 Qxf6 18. Nxe5 Qxe5 19. e4 f4 20. Bf3 Rf8 21. Bxh5 Qxh5 22. e5 Bg4 23. Re4 g5 24. gxf4 Bf3 25. fxg5 Qh3 0-1


[Site "https://www.chess.com"]

[Event "Titled Tuesday Blitz February 28 Late 2023"]
[White "EREBUNI91"]
[Black "Guo, Josh"]
[BlackFideId "2682427"]
[WhiteElo "2715"]
[BlackElo "2346"]
[Result "1-0"]
[Round "02"]
[TimeControl "180+2"]
[Date "2023.02.28"]
[WhiteClock "0:00:23"]
[BlackClock "0:00:03"]

1. e4 c5 2. Nf3 d6 3. Bb5+ Bd7 4. Bxd7+ Qxd7 5. c4 Nf6 6. Nc3 g6 7. d4 cxd4 8. Nxd4 Bg7 9. O-O O-O 10. b3 Rc8 11. Bb2 Nc6 12. Re1 Nxd4 13. Qxd4 Ng4 14. Qd2 Ne5 15. Rac1 Qg4 16. Qe3 Nc6 17. h3 Qd7 18. Qd2 Qd8 19. Rcd1 Qa5 20. Ba1 Re8 21. Nd5 Qxd2 22. Rxd2 Bxa1 23. Rxa1 Rac8 24. Rc1 Kg7 25. f4 f5 26. exf5 gxf5 27. c5 dxc5 28. Rxc5 e6 29. Ne3 Rcd8 30. Re2 Kf6 31. Kh2 Rd3 32. Nxf5 1-0


[Site "https://www.chess.com"]

[Event "Titled Tuesday Blitz February 28 Late 2023"]
[White "Leschinsky, Gary"]
[Black "Salimova, Nurgyul"]
[WhiteFideId "30951321"]
[BlackFideId "2915138"]
[WhiteElo "1855"]
[BlackElo "2314"]
[Result "0-1"]
[Round "02"]
[TimeControl "180+2"]
[Date "2023.02.28"]
[WhiteClock "0:00:46"]
[BlackClock "0:00:44"]

1. d4 Nf6 2. c4 e6 3. Nc3 Bb4 4. e3 O-O 5. Bd2 Re8 6. Nf3 d5 7. cxd5 exd5 8. Bd3 Bd6 9. O-O c6 10. Re1 Bg4 11. e4 dxe4 12. Nxe4 Nxe4 13. Bxe4 Nd7 14. h3 Bh5 15. Qc2 Nf6 16. Bg5 Bg6 17. Bxg6 hxg6 18. Rxe8+ Qxe8 19. Re1 Qd7 20. Ne5 Qe6 21. a3 Re8 22. Qd2 Qd5 23. Bxf6 gxf6 24. Ng4 Rxe1+ 25. Qxe1 Qxd4 26. Qe2 Kg7 27. g3 f5 28. Ne3 f4 29. Nc2 Qxb2 30. gxf4 Qc1+ 31. Kg2 Qxf4 32. Qd3 Be5 33. Ne1 c5 34. Nf3 Bf6 35. Qd7 Qe4 36. Qa4 Qxa4 0-1


[Site "https://www.chess.com"]

[Event "Titled Tuesday Blitz February 28 Late 2023"]
[White "Sai Krishna G V"]
[Black "Zampronha, Wladimir Camilo"]
[WhiteFideId "5028280"]
[BlackFideId "2103087"]
[WhiteElo "2359"]
[BlackElo "2176"]
[Result "0-1"]
[Round "02"]
[TimeControl "180+2"]
[Date "2023.02.28"]
[WhiteClock "0:00:21"]
[BlackClock "0:00:22"]

1. d4 Nf6 2. Nf3 e6 3. Bg5 d5 4. Nbd2 c5 5. e3 Nc6 6. c3 h6 7. Bh4 Be7 8. Bd3 O-O 9. O-O b6 10. Rc1 Bb7 11. Bb1 cxd4 12. exd4 Na5 13. Re1 Rc8 14. Nf1 Ne4 15. Bxe7 Qxe7 16. Ng3 Nxg3 17. hxg3 Nc4 18. Ne5 Nxe5 19. Rxe5 g6 20. Qg4 Kg7 21. Rce1 Qf6 22. f4 Rc6 23. Kf2 Bc8 24. Rh1 Bd7 25. Qf3 Rh8 26. g4 b5 27. a3 a5 28. f5 exf5 29. Rxd5 fxg4 30. Qxf6+ Rxf6+ 31. Kg3 Bc6 32. Rc5 h5 33. d5 Bd7 34. Bd3 Rb8 35. Re1 b4 36. Rxa5 bxc3 37. bxc3 Rb3 38. Rc5 Rxa3 39. Rc7 Bf5 40. Bxf5 gxf5 41. Kf4 Ra2 42. g3 Rf2+ 43. Ke5 Rf3 44. c4 Rxg3 45. c5 Rd3 46. Rh1 g3 47. d6 g2 48. Rg1 Rg6 49. d7 h4 50. Rc8 Rxd7 51. c6 Rd2 52. c7 Rc2 53. Kxf5 h3 0-1


[Site "https://www.chess.com"]

[Event "Titled Tuesday Blitz February 28 Late 2023"]
[White "Smith, Garrett L"]
[Black "Tan, Zhongyi"]
[WhiteFideId "2024829"]
[BlackFideId "8603642"]
[WhiteElo "2288"]
[BlackElo "2519"]
[Result "0-1"]
[Round "02"]
[TimeControl "180+2"]
[Date "2023.02.28"]
[WhiteClock "0:00:36"]
[BlackClock "0:00:15"]

1. e4 e5 2. Nf3 Nc6 3. Bc4 Nf6 4. Ng5 d5 5. exd5 Na5 6. Bb5+ c6 7. dxc6 bxc6 8. Bd3 h6 9. Ne4 Nd5 10. Ng3 g6 11. O-O Bg7 12. Nc3 O-O 13. b3 f5 14. Ba3 Rf7 15. b4 Nb7 16. b5 cxb5 17. Bxb5 Nxc3 18. dxc3 Be6 19. Bc6 Qc7 20. Bd5 Bxd5 21. Qxd5 Qxc3 22. Rab1 Rd8 23. Qb3 Qxb3 24. axb3 e4 25. c4 Na5 26. c5 Rd3 27. Rfd1 Rfd7 28. Rxd3 Rxd3 29. Bb4 Rxb3 30. Rxb3 Nxb3 31. c6 Be5 32. Be7 Bc7 33. Ne2 Kf7 34. Bb4 a5 35. Ba3 Ke6 36. Nc3 Nd4 37. Na4 Nxc6 38. Nc5+ Kd5 39. Kf1 Bd6 0-1


[Site "https://www.chess.com"]

[Event "Titled Tuesday Blitz February 28 Late 2023"]
[White "Siddharth, Jagadeesh"]
[Black "Einarsson, Halldor Gretar"]
[WhiteFideId "5818320"]
[BlackFideId "2300150"]
[WhiteElo "2303"]
[BlackElo "2126"]
[Result "1-0"]
[Round "02"]
[TimeControl "180+2"]
[Date "2023.02.28"]
[WhiteClock "0:00:34"]
[BlackClock "0:00:01"]

1. d4 Nf6 2. c4 g6 3. Nc3 d5 4. cxd5 Nxd5 5. Nxd5 Qxd5 6. e3 Bg7 7. Ne2 c5 8. Nc3 Qd8 9. dxc5 Nd7 10. Bb5 O-O 11. c6 bxc6 12. Bxc6 Rb8 13. O-O Ne5 14. Bb5 Qa5 15. a4 Rd8 16. Qc2 a6 17. Be2 Bb7 18. e4 Qb4 19. Bd2 Rbc8 20. Rfd1 Qb6 21. Be3 Qc6 22. Rxd8+ Rxd8 23. Qb3 e6 24. Rd1 Rc8 25. f3 Nd7 26. Rc1 Nc5 27. Qb4 a5 28. Qb5 Qxb5 29. Bxb5 Nb3 30. Rd1 Bxc3 31. bxc3 Rxc3 32. Bg5 Rc2 33. Bf6 Rd2 34. Rb1 Nc5 35. Bc6 1-0


[Site "https://www.chess.com"]

[Event "Titled Tuesday Blitz February 28 Late 2023"]
[White "Fajdetic, Hrvoje"]
[Black "Fus, Jakub"]
[WhiteFideId "14501945"]
[BlackFideId "1193023"]
[WhiteElo "2185"]
[BlackElo "2335"]
[Result "1-0"]
[Round "02"]
[TimeControl "180+2"]
[Date "2023.02.28"]
[WhiteClock "0:00:45"]
[BlackClock "0:00:43"]

1. d4 e6 2. Nf3 Nf6 3. Bf4 b6 4. Nc3 Bb7 5. Qd3 Bb4 6. Bd2 O-O 7. a3 Ba6 8. Qe3 Bxc3 9. Qxc3 Ne4 10. Qe3 Nxd2 11. Qxd2 d6 12. e4 Bb7 13. Bd3 Nd7 14. e5 Bxf3 15. gxf3 dxe5 16. Rg1 exd4 17. Qf4 Nc5 18. O-O-O Nxd3+ 19. Rxd3 c5 20. Qg4 Qf6 21. f4 Rad8 22. Rdg3 g6 23. h4 Qf5 24. Qf3 Qd5 25. Qe2 Qa2 26. h5 d3 27. cxd3 c4 28. hxg6 hxg6 29. Qe5 Qa1+ 30. Kd2 Rxd3+ 31. Ke2 1-0


[Site "https://www.chess.com"]

[Event "Titled Tuesday Blitz February 28 Late 2023"]
[White "Wieczorek, Oskar"]
[Black "De Souza, Cristiano Gomes"]
[WhiteFideId "1133950"]
[BlackFideId "2151758"]
[WhiteElo "2418"]
[BlackElo "2068"]
[Result "1-0"]
[Round "02"]
[TimeControl "180+2"]
[Date "2023.02.28"]
[WhiteClock "0:00:21"]
[BlackClock "0:00:50"]

1. e4 c5 2. Nf3 d6 3. d4 cxd4 4. Nxd4 Nf6 5. Nc3 a6 6. Be2 e5 7. Nf3 Be6 8. Bg5 Be7 9. Bxf6 Bxf6 10. O-O Nd7 11. Nd5 O-O 12. Bc4 Be7 13. Qe2 b5 14. Bb3 Nb6 15. Rfd1 Nxd5 16. Bxd5 Bxd5 17. Rxd5 Qc7 18. c3 Rac8 19. a4 Qc6 20. axb5 axb5 21. Qxb5 Qxb5 22. Rxb5 Rb8 23. Rxb8 Rxb8 24. b4 Rc8 25. Rc1 d5 26. exd5 Bxb4 27. c4 Bd6 28. Ng5 f5 29. Ne6 Kf7 30. c5 Be7 31. Kf1 Kf6 32. Ke2 e4 33. c6 g6 34. f4 exf3+ 35. gxf3 Ke5 36. Rd1 Bd6 37. f4+ Kf6 38. Rb1 h6 39. Rb7 g5 40. Rd7 Bxf4 41. Nxf4 gxf4 42. c7 Ke5 43. d6 1-0


[Site "https://www.chess.com"]

[Event "Titled Tuesday Blitz February 28 Late 2023"]
[White "Chabris, Christopher"]
[Black "Jaracz, Pawel"]
[WhiteFideId "2005263"]
[BlackFideId "1102222"]
[WhiteElo "2233"]
[BlackElo "2438"]
[Result "0-1"]
[Round "02"]
[TimeControl "180+2"]
[Date "2023.02.28"]
[WhiteClock "0:00:01"]
[BlackClock "0:00:39"]

1. e4 c5 2. Nf3 Nc6 3. Bb5 Qb6 4. Nc3 e6 5. O-O Nge7 6. Re1 Nd4 7. a4 Ng6 8. Nxd4 cxd4 9. Ne2 Bc5 10. d3 O-O 11. c3 dxc3 12. d4 cxb2 13. Bxb2 Bb4 14. Rf1 d5 15. e5 Be7 16. Rb1 Qd8 17. Bd3 Bd7 18. f4 f5 19. g4 Nh4 20. Ng3 Qa5 21. gxf5 exf5 22. Qe2 Be6 23. Rfc1 Rac8 24. Rxc8 Rxc8 25. Nf1 Qxa4 26. Ne3 a6 27. Ra1 Qe8 28. Rf1 b5 29. Qd1 a5 30. Qb3 a4 0-1


[Site "https://www.chess.com"]

[Event "Titled Tuesday Blitz February 28 Late 2023"]
[White "Adewumi, Tanitoluwa"]
[Black "Floresvillar Gonzalez, Luis Migu"]
[WhiteFideId "30966396"]
[BlackFideId "5100542"]
[WhiteElo "2676"]
[BlackElo "2040"]
[Result "1-0"]
[Round "02"]
[TimeControl "180+2"]
[Date "2023.02.28"]
[WhiteClock "0:00:04"]
[BlackClock "0:00:17"]

1. e4 e6 2. d4 d5 3. exd5 exd5 4. Nf3 Bd6 5. c4 c6 6. c5 Bc7 7. Bd3 Ne7 8. O-O O-O 9. Qc2 h6 10. Nc3 Bg4 11. Nh4 Nd7 12. h3 Be6 13. f4 f6 14. Bd2 b6 15. Rae1 Bf7 16. b4 a5 17. a3 axb4 18. axb4 bxc5 19. bxc5 Re8 20. Re2 Nf8 21. Rfe1 Nc8 22. Rxe8 Bxe8 23. Nf5 Bf7 24. Be3 Ba5 25. Ra1 Ne7 26. Nd6 Ne6 27. Qa4 Ra7 28. Qc2 Qa8 29. Ne2 Bc7 30. Rb1 Qd8 31. Nxf7 Kxf7 32. Qd2 Ba5 33. Qd1 Bc7 34. Qf1 f5 35. Ng3 Qc8 36. Nxf5 Nxf5 37. Bxf5 Rb7 38. Rxb7 Qxb7 39. Bxe6+ Kxe6 40. f5+ Kf7 41. f6 gxf6 42. Qf5 Bd8 43. Qh7+ Ke6 44. Qxb7 Kf5 45. Qxc6 Ke4 46. Qe6+ Kd3 47. Qxd5 Ke2 48. Qxd8 Kd3 49. c6 Kc2 50. c7 Kd3 51. c8=Q Ke2 52. Qc2+ Kxe3 53. Qe7+ Kf4 54. Qee4+ Kg5 55. Qf5+ Kh4 56. Qg6 h5 57. Qce4# 1-0


[Site "https://www.chess.com"]

[Event "Titled Tuesday Blitz February 28 Late 2023"]
[White "Matinian, Nikita"]
[Black "Sabar, Ethmane Daouda"]
[WhiteFideId "24129100"]
[BlackFideId "19600097"]
[WhiteElo "2422"]
[BlackElo "1950"]
[Result "1-0"]
[Round "02"]
[TimeControl "180+2"]
[Date "2023.02.28"]
[WhiteClock "0:00:56"]
[BlackClock "0:00:05"]

1. e4 e5 2. Nf3 Nc6 3. Bb5 f5 4. Nc3 fxe4 5. Nxe4 d5 6. Nxe5 dxe4 7. Nxc6 Qg5 8. Qe2 Nf6 9. f4 Qxf4 10. d4 Qh4+ 11. g3 Qh3 12. Ne5+ c6 13. Nxc6 a6 14. Ba4 Bd7 15. d5 Bd6 16. Bg5 Bxg3+ 17. Kd2 Bh4 18. Rhg1 Bxg5+ 19. Rxg5 e3+ 20. Qxe3+ Qxe3+ 21. Kxe3 bxc6 22. dxc6 Be6 23. Rxg7 Nd5+ 24. Kd4 O-O-O 25. Kc5 Rhg8 26. Rag1 Rxg7 27. Rxg7 Nc7 28. c4 Rg8 29. Rxh7 Rg5+ 30. Kb6 Ne8 31. Re7 1-0


[Site "https://www.chess.com"]

[Event "Titled Tuesday Blitz February 28 Late 2023"]
[White "olga-belka"]
[Black "Lewtak, Damian"]
[BlackFideId "1141724"]
[WhiteElo "2198"]
[BlackElo "2302"]
[Result "0-1"]
[Round "02"]
[TimeControl "180+2"]
[Date "2023.02.28"]
[WhiteClock "0:00:02"]
[BlackClock "0:00:15"]

1. e4 c6 2. d4 d5 3. exd5 cxd5 4. Bd3 Nf6 5. h3 g6 6. Nf3 Bf5 7. Be2 Bg7 8. O-O Nc6 9. c3 O-O 10. Bf4 Re8 11. Nbd2 Ne4 12. g4 Nxd2 13. Qxd2 Bd7 14. Ne5 Nxe5 15. dxe5 Bc6 16. Bf3 Qd7 17. Rad1 Rad8 18. Rfe1 a6 19. Bg2 Qe6 20. Bg3 Rd7 21. f4 Red8 22. Qf2 d4 23. cxd4 Qxa2 24. Bxc6 bxc6 25. f5 e6 26. Bh4 Rb8 27. Ra1 Qd5 28. Rxa6 h6 29. Rc1 g5 30. Bg3 Qxd4 31. Qxd4 Rxd4 32. fxe6 fxe6 33. Raxc6 Rd3 34. Bf2 Rxb2 35. Rxe6 Rdd2 0-1


[Site "https://www.chess.com"]

[Event "Titled Tuesday Blitz February 28 Late 2023"]
[White "Caspi, Israel"]
[Black "Vanek, Tomas"]
[WhiteFideId "2807394"]
[BlackFideId "313459"]
[WhiteElo "2419"]
[BlackElo "2052"]
[Result "1-0"]
[Round "02"]
[TimeControl "180+2"]
[Date "2023.02.28"]
[WhiteClock "0:01:46"]
[BlackClock "0:00:14"]

1. d4 f5 2. Qd3 Nf6 3. Qxf5 d5 4. Qd3 c5 5. c3 Nc6 6. Nf3 g6 7. Bf4 Bf5 8. Qd1 cxd4 9. cxd4 e6 10. Nc3 Nb4 11. Rc1 Rc8 12. a3 Nc6 13. e3 Bg7 14. Be2 O-O 15. O-O a6 16. h3 h6 17. Bh2 g5 18. Ne5 Nxe5 19. Bxe5 Qe8 20. Qb3 b5 21. a4 Qg6 22. axb5 axb5 23. Nxb5 Rxc1 24. Rxc1 g4 25. h4 Ne4 26. Bxg7 Kxg7 27. Rc7+ Kf6 28. Qb4 Rf7 29. Rxf7+ Qxf7 30. Nd6 Qe7 31. Nxe4+ Bxe4 32. Qxe7+ Kxe7 33. Bxg4 Bc2 34. Be2 Bb3 35. g4 Kf6 36. f4 Bc2 37. b4 Ba4 38. b5 Kg6 39. g5 hxg5 40. hxg5 Kf5 41. Bd3+ Kg4 42. g6 Kf3 43. g7 1-0


[Site "https://www.chess.com"]

[Event "Titled Tuesday Blitz February 28 Late 2023"]
[White "Dorato, Adriano"]
[Black "Skvortsov, Andrei"]
[WhiteFideId "2802894"]
[BlackFideId "24108600"]
[WhiteElo "1709"]
[BlackElo "2259"]
[Result "0-1"]
[Round "02"]
[TimeControl "180+2"]
[Date "2023.02.28"]
[WhiteClock "0:00:01"]
[BlackClock "0:01:24"]

1. d4 e6 2. Nf3 c5 3. e3 Nf6 4. Bd3 b6 5. Nbd2 Bb7 6. c3 Nc6 7. Qe2 d5 8. O-O Be7 9. b3 Qc7 10. Bb2 O-O 11. e4 dxe4 12. Nxe4 Nd5 13. Neg5 g6 14. Bc2 Nf4 15. Qd2 Rad8 16. Ne4 f6 17. g3 Nd5 18. Qh6 Rf7 19. c4 Ndb4 20. Rac1 Nxc2 21. Rxc2 Nxd4 22. Nxd4 cxd4 23. Nd2 Qc6 24. f3 e5 25. Ne4 Qe6 26. Rd2 Bb4 0-1


[Site "https://www.chess.com"]

[Event "Titled Tuesday Blitz February 28 Late 2023"]
[White "Djokic, Mihailo"]
[Black "Deac, Bogdan-Daniel"]
[WhiteFideId "976440"]
[BlackFideId "1226380"]
[WhiteElo "2294"]
[BlackElo "2649"]
[Result "0-1"]
[Round "02"]
[TimeControl "180+2"]
[Date "2023.02.28"]
[WhiteClock "0:00:37"]
[BlackClock "0:01:25"]

1. e4 g6 2. d4 Bg7 3. Nc3 Nc6 4. Be3 d6 5. h3 e5 6. Nf3 exd4 7. Nxd4 Nf6 8. Qd2 O-O 9. O-O-O Re8 10. f3 Nxd4 11. Bxd4 Be6 12. h4 h5 13. Kb1 a6 14. Be2 b5 15. g4 hxg4 16. fxg4 b4 17. Nd5 Nxe4 18. Qf4 Bxd5 19. Bxg7 Kxg7 20. Rxd5 Qf6 21. Qf3 c6 22. Qxf6+ Nxf6 23. Rd2 Ne4 0-1


[Site "https://www.chess.com"]

[Event "Titled Tuesday Blitz February 28 Late 2023"]
[White "Ferreira, Vitor Hugo Vieira"]
[Black "Ibarra Jerez, Jose Carlos"]
[WhiteFideId "2119765"]
[BlackFideId "2226332"]
[WhiteElo "2146"]
[BlackElo "2638"]
[Result "1/2-1/2"]
[Round "02"]
[TimeControl "180+2"]
[Date "2023.02.28"]
[WhiteClock "0:00:08"]
[BlackClock "0:00:08"]

1. Nf3 d6 2. g3 Nf6 3. Bg2 g6 4. O-O Bg7 5. c4 O-O 6. d4 Bf5 7. Nc3 Ne4 8. Qb3 Nxc3 9. bxc3 Be4 10. Bg5 h6 11. Bf4 b6 12. a4 Nc6 13. Nd2 Bxg2 14. Kxg2 Na5 15. Qb5 c6 16. Qb4 c5 17. Qb2 e5 18. Be3 Re8 19. d5 f5 20. f3 Qf6 21. Rac1 g5 22. Bg1 Qg6 23. e4 fxe4 24. Nxe4 Nxc4 25. Qe2 Na5 26. g4 c4 27. Ng3 Qd3 28. Qxd3 cxd3 29. Rfd1 d2 30. Rc2 Nc4 31. Ne4 Rac8 32. Kf1 Rf8 33. Ke2 Rf4 34. h3 Rcf8 35. Kd3 Rxf3+ 36. Kxc4 R8f4 37. Rdxd2 Rxe4+ 38. Kb5 Rxh3 39. Kc6 Bf8 40. a5 Rxg4 41. axb6 axb6 42. Bxb6 Rc4+ 43. Kd7 Rcxc3 44. Rxc3 Rxc3 45. Bc7 Rxc7+ 46. Kxc7 g4 47. Kd7 Kg7 48. Ke6 Kg6 49. Rf2 Kg7 50. Kf5 h5 51. Kg5 e4 52. Kxh5 e3 53. Re2 Kf6 54. Kxg4 Ke5 55. Rxe3+ Kxd5 56. Re8 Bg7 57. Rg8 Be5 58. Kf5 Kd4 59. Rg4+ Kd5 60. Ra4 Bd4 61. Ra5+ Bc5 62. Ra2 Kc4 63. Rc2+ Kd3 64. Ra2 d5 65. Ke5 d4 66. Kd5 Bb4 67. Ra4 Bc3 68. Rxd4+ Bxd4 1/2-1/2


[Site "https://www.chess.com"]